[ AOE2 MATCH · #507087726 ]
UnrankedIncas vs Tupi
Player's team · WIN
Rival team · LOSS
[ REPLAY ANALYSIS · EXTRACTED FROM THE RECORDED GAME ]
Feudal
11:45
Castle
21:40
Imperial
36:20
| APM avg | 89.4 |
| APM peak | 132 |
| eAPM avg | 46.3 |
| Villagers / military | 99 / 66 |
Focus
⚔️ 77.2% · 🌾 22.8%
Skirmisher ×65 · Unknown (2550) ×24 · Monk ×1
Feudal
8:52
Castle
22:27
Imperial
—
| APM avg | 54.9 |
| APM peak | 85 |
| eAPM avg | 29.0 |
| Villagers / military | 103 / 17 |
Focus
⚔️ 36.3% · 🌾 63.7%
Unknown (2579) ×34 · Archer ×14 · Unknown (2550) ×5 · Mangonel ×2 · Scorpion ×1
Match map
Initial resources + every placement click. Lines = walls · curves = elevation contours. ◆ gold · ⬟ stone · ● berries · ✦ relic · ◌ wall gap
Your base· Open — 5t gap
Mycroft's base· Open — 7t gap
Smoothed initial terrain · ◌ = detected wall gap · hover for details
Inputs per minute
— stockfish - - Mycroft
Build order — stockfish
First 150 of 314 actions detected
| 0:00 | Queue | Villager (Male) |
| 0:00 | Queue | Villager (Male) |
| 0:00 | Queue | Villager (Male) |
| 0:01 | Build | House |
| 0:02 | Build | House |
| 0:07 | Queue | Villager (Male) |
| 0:08 | Queue | Villager (Male) |
| 1:23 | Queue | Villager (Male) |
| 1:51 | Queue | Villager (Male) |
| 2:11 | Build | Settlement |
| 2:15 | Queue | Villager (Male) |
| 2:22 | Queue | Villager (Male) |
| 2:47 | Queue | Villager (Male) |
| 3:21 | Queue | Villager (Male) |
| 3:47 | Queue | Villager (Male) |
| 4:26 | Queue | Villager (Male) |
| 4:46 | Build | Barracks |
| 4:51 | Queue | Villager (Male) |
| 5:13 | Queue | Villager (Male) |
| 5:36 | Queue | Villager (Male) |
| 5:39 | Queue | Unit 2550 |
| 5:50 | Queue | Unit 2550 |
| 6:04 | Queue | Villager (Male) |
| 6:06 | Build | Settlement |
| 6:11 | Build | Settlement |
| 6:33 | Queue | Villager (Male) |
| 6:46 | Queue | Unit 2550 |
| 6:46 | Queue | Villager (Male) |
| 6:59 | Build | Farm |
| 7:05 | Queue | Unit 2550 |
| 7:26 | Queue | Villager (Male) |
| 7:41 | Queue | Villager (Male) |
| 7:55 | Build | Settlement |
| 8:01 | Queue | Unit 2550 |
| 8:01 | Queue | Villager (Male) |
| 8:27 | Queue | Villager (Male) |
| 8:36 | Build | Farm |
| 8:51 | Queue | Villager (Male) |
| 9:04 | Research | Loom |
| 9:17 | Research | Feudal Age |
| 9:31 | Build | Palisade Wall |
| 9:35 | Build | Palisade Wall |
| 9:39 | Queue | Unit 2550 |
| 9:49 | Build | Palisade Wall |
| 9:51 | Build | Farm |
| 10:01 | Build | Palisade Wall |
| 10:09 | Build | Palisade Wall |
| 10:16 | Queue | Unit 2550 |
| 10:18 | Build | Farm |
| 10:44 | Queue | Unit 2550 |
| 10:58 | Build | Farm |
| 11:10 | Queue | Unit 2550 |
| 11:24 | Queue | Villager (Male) |
| 11:45 | Age | Feudal Age |
| 11:49 | Research | Tech 1402 |
| 11:52 | Build | Blacksmith |
| 11:58 | Build | Farm |
| 11:58 | Research | Double-Bit Axe |
| 12:05 | Queue | Villager (Male) |
| 12:21 | Queue | Villager (Male) |
| 12:23 | Build | Farm |
| 12:37 | Build | House |
| 12:44 | Queue | Villager (Male) |
| 13:00 | Research | Scale Mail Armor |
| 13:07 | Build | Farm |
| 13:12 | Queue | Villager (Male) |
| 13:17 | Queue | Unit 2550 |
| 13:19 | Build | House |
| 13:21 | Build | Archery Range |
| 13:25 | Build | Farm |
| 13:37 | Queue | Villager (Male) |
| 13:40 | Build | Farm |
| 13:49 | Build | House |
| 13:56 | Queue | Villager (Male) |
| 14:18 | Queue | Skirmisher |
| 14:20 | Queue | Villager (Male) |
| 14:24 | Build | Farm |
| 14:29 | Research | Town Watch |
| 14:44 | Queue | Skirmisher |
| 14:46 | Queue | Skirmisher |
| 14:46 | Queue | Villager (Male) |
| 14:49 | Build | Farm |
| 14:55 | Build | Palisade Wall |
| 14:56 | Build | Farm |
| 14:58 | Research | Padded Archer Armor |
| 15:21 | Queue | Villager (Male) |
| 15:28 | Queue | Skirmisher |
| 15:32 | Build | Farm |
| 15:33 | Queue | Villager (Male) |
| 15:43 | Build | Farm |
| 15:52 | Queue | Skirmisher |
| 15:56 | Queue | Villager (Male) |
| 16:03 | Queue | Skirmisher |
| 16:05 | Queue | Villager (Male) |
| 16:16 | Research | Fletching |
| 16:21 | Queue | Skirmisher |
| 16:23 | Queue | Villager (Male) |
| 16:26 | Build | Farm |
| 16:35 | Queue | Skirmisher |
| 16:42 | Build | Farm |
| 16:55 | Build | Farm |
| 16:56 | Build | House |
| 17:11 | Queue | Skirmisher |
| 17:18 | Queue | Villager (Male) |
| 17:20 | Research | Wheelbarrow |
| 17:29 | Build | Farm |
| 17:39 | Queue | Skirmisher |
| 17:47 | Queue | Villager (Male) |
| 17:52 | Research | Town Watch |
| 18:13 | Build | Settlement |
| 18:19 | Build | Farm |
| 18:34 | Queue | Villager (Male) |
| 19:00 | Research | Castle Age |
| 19:23 | Queue | Skirmisher |
| 19:27 | Queue | Skirmisher |
| 19:32 | Build | Archery Range |
| 19:36 | Queue | Skirmisher |
| 19:40 | Research | Horse Collar |
| 20:16 | Queue | Unit 2550 |
| 20:19 | Build | Farm |
| 20:26 | Queue | Skirmisher |
| 20:34 | Queue | Unit 2550 |
| 20:56 | Queue | Skirmisher |
| 20:56 | Queue | Skirmisher |
| 20:57 | Queue | Skirmisher |
| 21:12 | Research | Forging |
| 21:14 | Queue | Villager (Male) |
| 21:32 | Queue | Unit 2550 |
| 21:40 | Age | Castle Age |
| 21:42 | Research | Chain Mail Armor |
| 21:43 | Research | Squires |
| 21:59 | Queue | Villager (Male) |
| 22:04 | Research | Bow Saw |
| 22:07 | Queue | Unit 2550 |
| 22:11 | Queue | Skirmisher |
| 22:17 | Queue | Skirmisher |
| 22:17 | Queue | Skirmisher |
| 22:36 | Research | Tech 1351 |
| 22:49 | Queue | Villager (Male) |
| 23:03 | Research | Elite Skirmisher (upgrade) |
| 23:06 | Research | Leather Archer Armor |
| 23:43 | Queue | Villager (Male) |
| 23:59 | Queue | Villager (Male) |
| 24:00 | Queue | Villager (Male) |
| 24:04 | Build | Town Center |
| 24:10 | Queue | Skirmisher |
| 24:10 | Queue | Skirmisher |
| 24:10 | Queue | Skirmisher |
| 24:20 | Queue | Villager (Male) |
| 24:32 | Research | Bodkin Arrow |
Build order — Mycroft
First 150 of 281 actions detected
| 0:00 | Queue | Villager (Male) ×4 |
| 0:01 | Build | House |
| 0:03 | Build | House |
| 1:06 | Queue | Villager (Male) |
| 1:33 | Queue | Villager (Male) |
| 1:52 | Queue | Villager (Male) |
| 2:28 | Queue | Villager (Male) |
| 2:49 | Build | Settlement |
| 2:51 | Queue | Villager (Male) |
| 3:30 | Queue | Villager (Male) |
| 3:53 | Queue | Villager (Male) |
| 4:18 | Queue | Villager (Male) |
| 4:36 | Queue | Villager (Male) |
| 5:11 | Queue | Villager (Male) |
| 5:17 | Build | Barracks |
| 5:44 | Queue | Villager (Male) |
| 5:54 | Build | House |
| 5:57 | Research | Loom |
| 6:17 | Build | House |
| 6:18 | Build | Palisade Wall |
| 6:42 | Research | Feudal Age |
| 6:44 | Queue | Unit 2550 |
| 7:00 | Queue | Unit 2550 |
| 7:00 | Queue | Unit 2550 |
| 7:36 | Build | Settlement |
| 7:42 | Build | Settlement |
| 7:45 | Queue | Unit 2550 |
| 8:24 | Queue | Unit 2550 |
| 8:33 | Build | Palisade Wall |
| 8:43 | Build | Palisade Wall |
| 8:44 | Build | Palisade Wall |
| 8:45 | Build | Palisade Wall |
| 8:45 | Build | Palisade Wall |
| 8:46 | Build | Palisade Wall |
| 8:52 | Queue | Villager (Male) |
| 8:52 | Age | Feudal Age |
| 9:03 | Research | Tech 1402 |
| 9:08 | Queue | Villager (Male) |
| 9:15 | Build | Archery Range |
| 9:24 | Queue | Villager (Male) |
| 9:28 | Build | Palisade Wall |
| 9:29 | Build | Palisade Wall |
| 9:30 | Build | Palisade Wall |
| 9:34 | Build | Palisade Wall |
| 9:40 | Queue | Villager (Male) |
| 10:02 | Queue | Villager (Male) |
| 10:09 | Queue | Archer |
| 10:18 | Build | Farm |
| 10:32 | Queue | Archer |
| 10:34 | Queue | Villager (Male) |
| 10:48 | Build | House |
| 10:55 | Build | Blacksmith |
| 10:56 | Queue | Archer |
| 11:02 | Queue | Villager (Male) |
| 11:11 | Build | Palisade Wall |
| 11:28 | Build | Farm |
| 11:29 | Build | Farm |
| 11:31 | Queue | Villager (Male) |
| 11:44 | Research | Fletching |
| 11:56 | Build | Farm |
| 12:04 | Queue | Villager (Male) |
| 12:05 | Queue | Archer |
| 12:10 | Build | House |
| 12:19 | Build | Palisade Wall |
| 12:30 | Build | Palisade Wall |
| 12:32 | Build | Palisade Wall |
| 12:37 | Queue | Archer |
| 12:39 | Queue | Villager (Male) |
| 12:48 | Build | House |
| 12:54 | Queue | Villager (Male) |
| 13:07 | Queue | Archer |
| 13:22 | Queue | Villager (Male) |
| 13:23 | Queue | Archer |
| 13:27 | Build | Palisade Wall |
| 13:31 | Build | Palisade Wall |
| 13:39 | Queue | Villager (Male) |
| 13:48 | Build | Palisade Wall |
| 13:57 | Queue | Villager (Male) |
| 14:00 | Queue | Villager (Male) |
| 14:08 | Queue | Archer |
| 14:18 | Queue | Villager (Male) |
| 14:22 | Queue | Archer |
| 14:33 | Build | Palisade Wall |
| 14:35 | Queue | Villager (Male) |
| 14:37 | Build | Farm |
| 14:41 | Build | Farm |
| 14:54 | Queue | Villager (Male) |
| 15:09 | Queue | Villager (Male) |
| 15:13 | Queue | Archer |
| 15:27 | Queue | Villager (Male) |
| 15:33 | Build | Farm |
| 15:35 | Build | Farm |
| 15:51 | Queue | Archer |
| 15:57 | Queue | Villager (Male) |
| 16:02 | Build | House |
| 16:04 | Build | House |
| 16:19 | Build | Palisade Wall |
| 16:25 | Build | Watch Tower |
| 16:32 | Queue | Villager (Male) |
| 16:36 | Build | House |
| 16:38 | Build | Palisade Wall |
| 17:03 | Queue | Villager (Male) |
| 17:05 | Build | House |
| 17:13 | Queue | Villager (Male) |
| 17:22 | Build | Settlement |
| 17:36 | Build | Farm |
| 17:41 | Queue | Villager (Male) |
| 17:51 | Queue | Archer |
| 17:56 | Build | House |
| 18:03 | Build | Farm |
| 18:11 | Queue | Archer |
| 18:26 | Build | Palisade Wall |
| 18:28 | Queue | Villager (Male) |
| 18:37 | Build | Farm |
| 18:48 | Queue | Villager (Male) |
| 19:14 | Build | Market |
| 19:23 | Build | Settlement |
| 19:44 | Queue | Archer |
| 19:47 | Research | Castle Age |
| 20:13 | Build | House |
| 20:15 | Build | House |
| 20:30 | Build | House |
| 20:48 | Queue | Villager (Male) |
| 20:51 | Queue | Villager (Male) |
| 20:54 | Build | Watch Tower |
| 21:05 | Queue | Villager (Male) |
| 21:20 | Build | House |
| 21:56 | Research | Horse Collar |
| 21:56 | Research | Horse Collar |
| 21:58 | Research | Double-Bit Axe |
| 22:02 | Queue | Villager (Male) |
| 22:04 | Queue | Villager (Male) |
| 22:10 | Research | Padded Archer Armor |
| 22:21 | Queue | Villager (Male) |
| 22:27 | Age | Castle Age |
| 22:31 | Build | Castle |
| 22:37 | Build | Castle |
| 22:38 | Queue | Villager (Male) |
| 22:44 | Research | Bodkin Arrow |
| 23:22 | Queue | Villager (Male) |
| 23:30 | Build | House |
| 23:30 | Queue | Villager (Male) |
| 23:44 | Build | Palisade Wall |
| 23:47 | Queue | Unit 2579 ×4 |
| 23:54 | Build | Town Center |
| 24:08 | Queue | Villager (Male) |
| 24:12 | Build | Palisade Wall |
| 24:18 | Queue | Unit 2579 |
| 24:27 | Build | Palisade Wall |
| 24:37 | Queue | Villager (Male) |
Match timeline
| 4:46 | stockfish · first_building Barracks |
| 5:17 | Mycroft · first_building Barracks |
| 6:18 | Mycroft · wall_segment Palisade Wall x1 |
| 8:33 | Mycroft · wall_segment Palisade Wall x1 |
| 8:43 | Mycroft · wall_segment Palisade Wall x1 |
| 8:44 | Mycroft · wall_segment Palisade Wall x1 |
| 8:45 | Mycroft · wall_segment Palisade Wall x1 |
| 8:45 | Mycroft · wall_segment Palisade Wall x1 |
| 8:46 | Mycroft · wall_segment Palisade Wall x1 |
| 8:52 | Mycroft · age_up feudal |
| 9:15 | Mycroft · first_building Archery Range |
| 9:28 | Mycroft · wall_segment Palisade Wall x1 |
| 9:29 | Mycroft · wall_segment Palisade Wall x1 |
| 9:30 | Mycroft · wall_segment Palisade Wall x2 |
| 9:31 | stockfish · wall_segment Palisade Wall x6 |
| 9:34 | Mycroft · wall_segment Palisade Wall x4 |
| 9:35 | stockfish · wall_segment Palisade Wall x5 |
| 9:49 | stockfish · wall_segment Palisade Wall x1 |
| 10:01 | stockfish · wall_segment Palisade Wall x1 |
| 10:09 | stockfish · wall_segment Palisade Wall x9 |
| 11:11 | Mycroft · wall_segment Palisade Wall x2 |
| 11:45 | stockfish · age_up feudal |
| 12:19 | Mycroft · wall_segment Palisade Wall x1 |
| 12:30 | Mycroft · wall_segment Palisade Wall x1 |
| 12:32 | Mycroft · wall_segment Palisade Wall x1 |
| 13:21 | stockfish · first_building Archery Range |
| 13:27 | Mycroft · wall_segment Palisade Wall x1 |
| 13:31 | Mycroft · wall_segment Palisade Wall x1 |
| 13:48 | Mycroft · wall_segment Palisade Wall x1 |
| 14:33 | Mycroft · wall_segment Palisade Wall x1 |
| 14:55 | stockfish · wall_segment Palisade Wall x1 |
| 16:19 | Mycroft · wall_segment Palisade Wall x3 |
| 16:38 | Mycroft · wall_segment Palisade Wall x1 |
| 18:26 | Mycroft · wall_segment Palisade Wall x1 |
| 21:40 | stockfish · age_up castle |
| 21:40 | Mycroft · first_market_sell 100 wood |
| 21:41 | Mycroft · first_market_buy 100 stone |
| 22:27 | Mycroft · age_up castle |
| 22:31 | Mycroft · first_building Castle |
| 23:44 | Mycroft · wall_segment Palisade Wall x1 |
| 24:12 | Mycroft · wall_segment Palisade Wall x1 |
| 24:27 | Mycroft · wall_segment Palisade Wall x1 |
| 29:21 | Mycroft · first_building Siege Workshop |
| 29:50 | Mycroft · wall_segment Palisade Wall x1 |
| 31:57 | stockfish · first_market_buy 100 food |
| 32:16 | stockfish · first_market_sell 100 wood |
| 32:19 | stockfish · first_building Monastery |
| 32:48 | stockfish · first_building Castle |
| 36:20 | stockfish · age_up imperial |
| 36:24 | Mycroft · resign |
[ AI ANALYSIS · 1 CREDIT ]
What really happened in this match?
Wolo.gg analyzes every decision: build order, eco, micro, common mistakes by bracket. Personalized analysis on WhatsApp or Discord in 30 seconds.
Civ guide
Incas
Perfil
stockfish